 Dungeon Crawl Stone Soup version 0.30-a0-373-gd37427bb62 (webtiles) character file.

Game seed: 8340050274703371665

1462 mopl the Ducker (level 8, 0/67 HPs)
             Began as a Gnoll Monk on Nov 23, 2022.
             Was an Elder of Makhleb.
             Slain by an orc
             ... wielding a +0 trident
              (2 damage)
             ... on level 5 of the Dungeon.
             The game lasted 00:05:12 (4343 turns).

mopl the Ducker (Gnoll Monk)                        Turns: 4343, Time: 00:05:13

Health: 0/67       AC: 10    Str:  8    XL:     8   Next: 77%
Magic:  13/13      EV:  5    Int: 18    God:    Makhleb [****..]
Gold:   266        SH:  0    Dex: 18    Spells: 14/14 levels left

rFire   . . .      SeeInvis .    s - +12 spear "Zoovid" {drain, Fragile Str-5 Int+9 Dex+3}
rCold   . . .      Faith    .    (no shield)
rNeg    . . .      Spirit   .    l - +0 chain mail
rPois   .          Reflect  .    (no helmet)
rElec   .          Harm     .    y - +0 cloak
rCorr   .          Rampage  .    (no gloves)
Will    .....                    (no boots)
Stlth   ..........               (no amulet)
HPRegen 0.31/turn                (no ring)
MPRegen 0.13/turn                (no ring)

@: no status effects
A: fangs 1, strong nose, distributed training
a: Renounce Religion, Minor Destruction, Lesser Servant of Makhleb, Major
Destruction


You were on level 5 of the Dungeon.
You worshipped Makhleb.
Makhleb was greatly pleased with you.
You visited 1 branch of the dungeon, and saw 5 of its levels.

You collected 266 gold pieces.

Inventory:

Hand Weapons
 a - a +0 mace
 r - the +1 glaive of Psychosis {speed, Dex+3}
   (You found it on level 2 of the Dungeon)

   Attacks with this weapon are significantly faster.
   Dex:       It affects your dexterity (+3).
 s - the +12 spear "Zoovid" (weapon) {drain, Fragile Str-5 Int+9 Dex+3}
   (You took it off a kobold on level 3 of the Dungeon)

   A truly terrible weapon, it drains the life of any living foe it strikes.
   Str:       It affects your strength (-5).
   Int:       It affects your intelligence (+9).
   Dex:       It affects your dexterity (+3).
   Fragile:   It will be destroyed if unequipped.
 B - the +4 great sword "Zot Kunk" {speed, rCorr Str-4 Int+4}
   (You found it on level 4 of the Dungeon)

   Attacks with this weapon are significantly faster.
   Str:       It affects your strength (-4).
   Int:       It affects your intelligence (+4).
   rCorr:     It protects you from acid and corrosion.
Missiles
 f - 3 poisoned darts (quivered)
 x - 5 boomerangs
Armour
 l - a +0 chain mail (worn)
 y - a +0 cloak (worn)
 F - the +0 plate armour of the Old World {Contam rC+ Str+4 SInv}
   (You found it on level 5 of the Dungeon)

   Str:       It affects your strength (+4).
   rC:        It protects you from cold.
   SInv:      It lets you see invisible.
   Contam:    It causes magical contamination when unequipped.
Magical Staves
 A - a staff of conjuration
Jewellery
 d - a ring of fire
Wands
 u - a wand of polymorph (9)
Scrolls
 b - a scroll of vulnerability {unknown}
 h - 4 scrolls of teleportation {unknown}
 i - 5 scrolls of identify {unknown}
 k - a scroll of immolation {unknown}
 m - 2 scrolls of brand weapon {unknown}
 p - 2 scrolls of poison {unknown}
 v - 2 scrolls of enchant armour {unknown}
 w - a scroll of magic mapping {unknown}
 z - 2 scrolls of acquirement {unknown}
 D - a scroll of blinking {unknown}
 E - a scroll of amnesia {unknown}
Potions
 c - 2 potions of ambrosia
 e - 2 potions of haste
 g - 2 potions of attraction {unknown}
 j - 4 potions of curing {unknown}
 n - a potion of heal wounds {unknown}
 o - 2 potions of flight {unknown}
 q - 2 potions of might {unknown}
 t - a potion of mutation {unknown}
 C - a potion of lignification {unknown}


   Skills:
 + Level 7.6 Fighting
 + Level 3.7 Short Blades
 + Level 3.7 Long Blades
 + Level 3.7 Axes
 + Level 7.6 Maces & Flails
 + Level 3.7 Polearms
 + Level 3.7 Staves
 + Level 3.7 Ranged Weapons
 + Level 3.7 Throwing
 + Level 3.7 Armour
 + Level 7.6 Dodging
 + Level 5.6 Stealth
 + Level 3.7 Shields
 + Level 3.7 Unarmed Combat
 + Level 3.7 Spellcasting
 + Level 3.0 Conjurations
 + Level 3.0 Hexes
 + Level 3.0 Summonings
 + Level 3.0 Necromancy
 + Level 3.0 Translocations
 + Level 3.0 Transmutations
 + Level 3.0 Fire Magic
 + Level 3.0 Ice Magic
 + Level 3.0 Air Magic
 + Level 3.0 Earth Magic
 + Level 3.0 Poison Magic
 + Level 4.1 Invocations
 + Level 3.7 Evocations


You had 14 spell levels left.
You didn't know any spells.
Your spell library contained the following spells:

 Spells                   Type           Power      Damage    Failure   Level
 Apportation              Tloc           28%        N/A       99%         1
 Necrotise                Necr           56%        1d6       99%         1
 Summon Small Mammal      Summ           56%        N/A       99%         1
 Alistair's Intoxication  Tmut/Pois      9%         N/A       100%        5


Dungeon Overview and Level Annotations

Branches:
Dungeon (5/15)             Temple (0/1) D:5

Altars:
Fedhas
Hepliaklqana
Makhleb
Nemelex Xobeh
Trog

Annotations:
D:5 exclusion: 2 doors


Innate Abilities, Weirdness & Mutations

You have very sharp teeth.
Your uncanny sense of smell can sniff out nearby items.
Your experience applies equally to all skills.


Message History

You puncture the orc wizard!
You kill the orc wizard!
Makhleb accepts your kill.
You feel better. The orc hits you but does no damage. x2
A scorpion comes into view.
Unknown command.
You closely miss the orc. The orc hits you but does no damage. x3
The orc hits you from afar with a +0 trident.
* * * LOW HITPOINT WARNING * * *
You puncture the orc!
You kill the orc!
Makhleb accepts your kill. The orc closely misses you.
The orc hits you but does no damage. The orc hits you with a +0 hand axe.
* * * LOW HITPOINT WARNING * * *
The orc throws a boomerang.
The boomerang hits you but does no damage.
You closely miss the orc. You punch the orc, but do no damage.
The orc barely misses you.
The orc hits you from afar with a +0 trident.
* * * LOW HITPOINT WARNING * * *
The orc hits you but does no damage.
Unknown command.
You hit the orc. You bite the orc, but do no damage.
The orc is severely wounded.
The orc hits you but does no damage. x4
Unknown command.
You puncture the orc!
You kill the orc!
Makhleb accepts your kill. The orc hits you but does no damage.
The orc hits you with a +0 hand axe.
* * * LOW HITPOINT WARNING * * *
The orc hits you but does no damage.
Unknown command.
You hit the orc.
The orc is lightly wounded.
The orc hits you but does no damage. The orc hits you with a +0 hand axe.
* * * LOW HITPOINT WARNING * * *
The orc hits you from afar with a +0 trident.
You die...

#.... ##########..#. .
##....)~~~##... ...
##~########~###. ###.##
#~##..~~~≈##.##. ......
#~#...~.=≈≈#.###
###....###.#....S.[≈#.#
#.....oo.#.#+...P.≈≈#~#
#.....##@#..#
.P.)≈##~###
#.soo##~##########~##
#...###~~##..~~?≈##~#
#####...###†#.....!≈S#.#
#.........#~#....P$?S#.#
#.........#.#+..PP.≈S#.#
#.........#..# .P~.≈##)#
#.........##.########)..
#..........###.........#


You could see a scorpion and 4 orcs.

Vanquished Creatures
  Grinder (D:4)
  A black bear (D:5)
  3 ogres
  A necrophage (D:5)
  A bullfrog (D:3)
  A scorpion (D:5)
  3 wights (D:5)
  A howler monkey (D:5)
  A hound (D:5)
  Crazy Yiuf (D:3)
  Natasha (thrice) (D:4)
  3 iguanas (D:4)
  3 orc wizards (D:5)
  7 gnolls
  11 adders
  A dart slug (D:5)
  11 orcs
  7 bats
  7 endoplasms
  5 giant cockroaches
  8 goblins
  10 hobgoblins
  7 jackals
  9 kobolds
  6 quokkas
  6 ball pythons
  4 frilled lizards
  4 rats
126 creatures vanquished.

Vanquished Creatures (others)
  A fungus (D:3)
  A plant (D:5)
2 creatures vanquished.

Grand Total: 128 creatures vanquished

Notes
Turn   | Place    | Note
-------+----------+-------------------------------------------
     0 | D:1      | mopl the Gnoll Monk began the quest for the Orb.
     0 | D:1      | Reached XP level 1. HP: 23/23 MP: 1/1
    63 | D:1      | Reached XP level 2. HP: 24/29 MP: 2/2
   302 | D:1      | Reached XP level 3. HP: 16/35 MP: 3/3
   579 | D:1      | Reached skill level 1 in Invocations
  1149 | D:2      | Reached skill level 1 in Short Blades
  1149 | D:2      | Reached skill level 1 in Long Blades
  1149 | D:2      | Reached skill level 1 in Axes
  1149 | D:2      | Reached skill level 1 in Polearms
  1149 | D:2      | Reached skill level 1 in Staves
  1149 | D:2      | Reached skill level 1 in Ranged Weapons
  1149 | D:2      | Reached skill level 1 in Throwing
  1149 | D:2      | Reached skill level 1 in Armour
  1149 | D:2      | Reached skill level 1 in Shields
  1149 | D:2      | Reached skill level 1 in Unarmed Combat
  1149 | D:2      | Reached skill level 1 in Spellcasting
  1149 | D:2      | Reached skill level 1 in Evocations
  1393 | D:2      | Reached XP level 4. HP: 32/41 MP: 5/5
  1454 | D:2      | Found a faded altar of an unknown god.
  1534 | D:2      | Prayed at the altar of an unknown god.
  1534 | D:2      | Became a worshipper of Makhleb the Destroyer
  1534 | D:2      | Reached * piety under Makhleb
  1534 | D:2      | Reached ** piety under Makhleb
  1602 | D:2      | Identified the +1 glaive of Psychosis {speed, Dex+3}
  1701 | D:2      | Reached *** piety under Makhleb
  1702 | D:2      | Reached skill level 1 in Conjurations
  1702 | D:2      | Reached skill level 1 in Hexes
  1702 | D:2      | Reached skill level 1 in Summonings
  1702 | D:2      | Reached skill level 1 in Necromancy
  1702 | D:2      | Reached skill level 1 in Translocations
  1702 | D:2      | Reached skill level 1 in Transmutations
  1702 | D:2      | Reached skill level 1 in Fire Magic
  1702 | D:2      | Reached skill level 1 in Ice Magic
  1702 | D:2      | Reached skill level 1 in Air Magic
  1702 | D:2      | Reached skill level 1 in Earth Magic
  1702 | D:2      | Reached skill level 1 in Poison Magic
  1830 | D:3      | Identified the +12 spear "Zoovid" {drain, Fragile Str-5
                  | Int+9 Dex+3}
  1845 | D:3      | Reached XP level 5. HP: 30/47 MP: 5/7
  2325 | D:3      | Found a sparkling altar of Nemelex Xobeh.
  2493 | D:3      | Reached skill level 2 in Invocations
  2493 | D:3      | Reached XP level 6. HP: 53/53 MP: 8/8
  2555 | D:3      | Found a runed translucent door.
  2556 | D:3      | Noticed Crazy Yiuf
  2562 | D:3      | Killed Crazy Yiuf
  2563 | D:3      | Reached skill level 2 in Short Blades
  2563 | D:3      | Reached skill level 2 in Long Blades
  2563 | D:3      | Reached skill level 2 in Axes
  2563 | D:3      | Reached skill level 2 in Polearms
  2563 | D:3      | Reached skill level 2 in Staves
  2563 | D:3      | Reached skill level 2 in Ranged Weapons
  2563 | D:3      | Reached skill level 2 in Throwing
  2563 | D:3      | Reached skill level 2 in Armour
  2563 | D:3      | Reached skill level 2 in Shields
  2563 | D:3      | Reached skill level 2 in Unarmed Combat
  2563 | D:3      | Reached skill level 2 in Spellcasting
  2563 | D:3      | Reached skill level 2 in Evocations
  2673 | D:4      | Found a hazy altar of Hepliaklqana.
  2747 | D:4      | Reached **** piety under Makhleb
  2798 | D:4      | Identified the +4 great sword "Zot Kunk" {speed, rCorr
                  | Str-4 Int+4}
  2972 | D:4      | Reached skill level 7 in Fighting
  2972 | D:4      | Reached skill level 7 in Maces & Flails
  2972 | D:4      | Reached skill level 7 in Dodging
  2972 | D:4      | Reached XP level 7. HP: 32/60 MP: 10/10
  3236 | D:4      | Noticed Natasha
  3242 | D:4      | Killed Natasha
  3246 | D:4      | Reached skill level 2 in Conjurations
  3246 | D:4      | Reached skill level 2 in Hexes
  3246 | D:4      | Reached skill level 2 in Summonings
  3246 | D:4      | Reached skill level 2 in Necromancy
  3246 | D:4      | Reached skill level 2 in Translocations
  3246 | D:4      | Reached skill level 2 in Transmutations
  3246 | D:4      | Reached skill level 2 in Fire Magic
  3246 | D:4      | Reached skill level 2 in Ice Magic
  3246 | D:4      | Reached skill level 2 in Air Magic
  3246 | D:4      | Reached skill level 2 in Earth Magic
  3246 | D:4      | Reached skill level 2 in Poison Magic
  3306 | D:4      | Noticed Grinder
  3309 | D:4      | Paralysed by Grinder for 4 turns
  3330 | D:4      | Killed Grinder
  3331 | D:4      | Reached skill level 5 in Stealth
  3331 | D:4      | Reached skill level 3 in Invocations
  3532 | D:4      | Noticed Natasha
  3537 | D:4      | Killed Natasha
  3621 | D:4      | Noticed Natasha
  3626 | D:4      | Killed Natasha
  3646 | D:5      | Entered Level 5 of the Dungeon
  3799 | D:5      | Found a staircase to the Ecumenical Temple.
  3816 | D:5      | Reached skill level 3 in Short Blades
  3816 | D:5      | Reached skill level 3 in Long Blades
  3816 | D:5      | Reached skill level 3 in Axes
  3816 | D:5      | Reached skill level 3 in Polearms
  3816 | D:5      | Reached skill level 3 in Staves
  3816 | D:5      | Reached skill level 3 in Ranged Weapons
  3816 | D:5      | Reached skill level 3 in Throwing
  3816 | D:5      | Reached skill level 3 in Armour
  3816 | D:5      | Reached skill level 3 in Shields
  3816 | D:5      | Reached skill level 3 in Unarmed Combat
  3816 | D:5      | Reached skill level 3 in Spellcasting
  3816 | D:5      | Reached skill level 3 in Evocations
  3816 | D:5      | Reached XP level 8. HP: 67/67 MP: 12/12
  3986 | D:5      | Identified the +0 plate armour of the Old World {Contam rC+
                  | Str+4 SInv}
  4012 | D:5      | Found a bloodstained altar of Trog.
  4270 | D:5      | Reached skill level 3 in Conjurations
  4270 | D:5      | Reached skill level 3 in Hexes
  4270 | D:5      | Reached skill level 3 in Summonings
  4270 | D:5      | Reached skill level 3 in Necromancy
  4270 | D:5      | Reached skill level 3 in Translocations
  4270 | D:5      | Reached skill level 3 in Transmutations
  4270 | D:5      | Reached skill level 3 in Fire Magic
  4270 | D:5      | Reached skill level 3 in Ice Magic
  4270 | D:5      | Reached skill level 3 in Air Magic
  4270 | D:5      | Reached skill level 3 in Earth Magic
  4270 | D:5      | Reached skill level 3 in Poison Magic
  4270 | D:5      | Reached skill level 4 in Invocations
  4300 | D:5      | Found a blossoming altar of Fedhas.
  4343 | D:5      | HP: 2/67 [orc/+0 hand axe (3)]
  4343 | D:5      | Slain by an orc

Illustrated notes

Levels and vault maps discovered:
D:1:      heliophobic_arrival_enchanted_forest, layout_loops_corners,
          minmay_hexomino_c4
D:2:      layout_loops_ring, serial_glass, glass_columns_b, glass_columns_a,
          item_on_display_a, feat_on_display, minmay_strange_pillars,
          minmay_strange_pillars, hellmonk_ecumenical_altar_pennies_from_heaven
D:3:      layout_loops_ring, nemelex_dance_club_becter, uniq_crazy_yiuf_cottage
D:4:      layout_gridville, mainiacjoe_overflow_catwalk, minmay_quantized,
          uniq_grinder, uniq_natasha
D:5:      cheibrodos_two_vegetables, layout_basic, kennysheep_mini,
          nicolae_overflow_hidden_temple, minmay_temple_entry_statues_pillars,
          grunt_ministairs_3, kennysheep_potato

Skill      XL: |  1  2  3  4  5  6  7  8 |
---------------+-------------------------+-----
Invocations    | 1 2 3 4 |  4.1
Short Blades   | 1 2 3 |  3.7
Long Blades    | 1 2 3 |  3.7
Axes           | 1 2 3 |  3.7
Polearms       | 1 2 3 |  3.7
Staves         | 1 2 3 |  3.7
Ranged Weapons | 1 2 3 |  3.7
Throwing       | 1 2 3 |  3.7
Armour         | 1 2 3 |  3.7
Shields        | 1 2 3 |  3.7
Unarmed Combat | 1 2 3 |  3.7
Spellcasting   | 1 2 3 |  3.7
Evocations     | 1 2 3 |  3.7
Conjurations   | 1 2 3 |  3.0
Hexes          | 1 2 3 |  3.0
Summonings     | 1 2 3 |  3.0
Necromancy     | 1 2 3 |  3.0
Translocations | 1 2 3 |  3.0
Transmutations | 1 2 3 |  3.0
Fire Magic     | 1 2 3 |  3.0
Ice Magic      | 1 2 3 |  3.0
Air Magic      | 1 2 3 |  3.0
Earth Magic    | 1 2 3 |  3.0
Poison Magic   | 1 2 3 |  3.0
Fighting       | 7 |  7.6
Maces & Flails | 7 |  7.6
Dodging        | 7 |  7.6
Stealth        | 5 |  5.6

Action                   |  1- 3 |  4- 6 |  7- 9 || total
-------------------------+-------+-------+-------++-------
Melee: Mace              |   130 |    11 |       ||   141
       Bite              |     5 |     5 |    13 ||    23
       Punch             |     1 |       |     3 ||     4
       Glaive            |       |    33 |       ||    33
       Spear             |       |    71 |   111 ||   182
 Stab: Sleeping          |     4 |       |       ||     4
Armor: Robe              |    17 |       |       ||    17
       Chain mail        |    37 |    56 |    55 ||   148
Dodge: Dodged            |    95 |    22 |    17 ||   134

Table legend: (Time is in decaauts)
 A = Elapsed time spent in this place.
 B = Non-inter-level travel time spent in this place.
 C = Inter-level travel time spent in this place.
 D = Time resting spent in this place.
 E = Time spent auto-exploring this place.
 F = Levels seen in this place.
 G = Mean time per level.
                   A        B        C        D        E       F      G
               +--------+--------+--------+--------+--------+-----+--------+
         Total |   4373 |   4176 |    197 |    845 |   2469 |   5 |  874.6 |
       Dungeon |   4373 |   4176 |    197 |    845 |   2469 |   5 |  874.6 |
               +--------+--------+--------+--------+--------+-----+--------+

Top non-repeatable levels by time:
     D:1: 1115 daAuts
     D:4: 995 daAuts
     D:3: 824 daAuts
     D:2: 725 daAuts
     D:5: 713 daAuts
